Map: Submarine LE

Players

Reynor - Winner!

  • Race: Zerg Zerg
  • League: Master
  • Spawn Location: 11:00

Stats

  • Race: Protoss Protoss
  • Spawn Location: 5:00

Event: DreamHack SC2 Masters 2020 Fall

VOD

Have the link to the VOD?

Description

Time

  • Played on: Sept. 16, 2020, 11:09 a.m.
  • Length: 9:07

All games in this series

Show
View Real Time Build Order
Export as new Build Order

Reynor Zerg - Winner!

Build Orders: Pool First 

Get SALT Encoding   

  12  0:00  Drone  
  13  0:12  Overlord  
  13  0:17  Drone  
  14  0:30  Drone x2  
  16  0:40  Spawning Pool  
  15  0:45  Drone  
  16  1:08  Hatchery  
  16  1:10  Drone  
  16  1:14  Drone  
  17  1:27  Zergling x4  
  20  1:32  Zergling x2  
  20  1:35  Queen  
  20  1:38  Extractor  
  21  1:43  Overlord  
  21  1:54  Drone  
  22  2:05  Drone  
  23  2:11  Queen  
  23  2:15  Drone  
  26  2:20  Drone  
  26  2:21  Queen  
  29  2:28  Drone  
  30  2:30  Drone  
  31  2:38  Drone  
  31  2:41  Overlord  
  32  2:44  Drone x2  
  32  2:49  Metabolic Boost  
  34  2:52  Drone  
  34  2:55  Drone  
  36  3:02  Overlord  
  36  3:17  Drone, Hatchery  
  36  3:20  Drone x2  
  36  3:23  Drone  
  36  3:24  Drone  
  40  3:28  Overlord  
  40  3:31  Drone  
  40  3:32  Zergling x2  
  42  3:34  Drone  
  42  3:36  Drone  
  44  3:48  Zergling x6  
  47  3:51  Overlord  
  47  3:54  Drone  
  48  3:56  Spore Crawler  
  48  3:57  Drone  
  48  3:58  Drone x2  
  48  3:59  Queen  
  51  4:11  Drone  
  51  4:14  Zergling x4, Spore Crawler  
  51  4:16  Drone x2  
  55  4:21  Drone  
  54  4:24  Drone  
  54  4:26  Queen  
  54  4:27  Drone x2  
  59  4:32  Roach Warren  
  59  4:35  Overlord  
  58  4:39  Spore Crawler  
  58  4:40  Drone x3  
  58  4:41  Drone  
  58  4:44  Drone x2  
  63  4:48  Spore Crawler  
  63  4:51  Overlord  
  63  4:55  Drone x3  
  63  4:57  Extractor  
  63  4:58  Extractor  
  63  5:06  Drone x4  
  67  5:09  Overlord  
  67  5:15  Drone x2  
  67  5:18  Overlord  
  67  5:19  Lair  
  67  5:20  Drone  
  70  5:24  Roach x4  
  70  5:25  Evolution Chamber, Roach  
  79  5:32  Roach  
  79  5:33  Drone x4  
  84  5:36  Extractor  
  84  5:37  Overlord  
  84  5:40  Drone x2  
  85  5:43  Drone  
  85  5:46  Overlord  
  85  5:49  Drone x4  
  90  5:50  Extractor  
  90  5:52  Zerg Missile Weapons Level 1  
  90  5:55  Drone, Overlord  
  90  5:57  Drone x2  
  90  6:00  Drone x2  
  90  6:03  Overlord  
  94  6:04  Drone x2  
  94  6:11  Extractor  
  92  6:21  Glial Reconstitution  
  92  6:22  Drone x2  
  92  6:24  Roach x5  
  92  6:25  Hatchery  
  103  6:27  Overseer  
  103  6:28  Pneumatized Carapace  
  109  6:32  Roach  
  109  6:33  Roach x2  
  109  6:41  Roach x2, Zergling x2  
  109  6:42  Overlord x2  
  113  6:50  Overlord  
  113  6:57  Overlord  
  113  7:00  Evolution Chamber  
  112  7:02  Roach x4  
  112  7:03  Drone x4  
  112  7:06  Overlord x3  
  124  7:12  Roach x2  
  124  7:14  Overlord  
  129  7:17  Ravager x6  
  129  7:20  Roach  
  137  7:26  Roach x3, Zergling x4  
  145  7:32  Roach, Zergling x12  
  153  7:40  Drone x2  
  153  7:41  Extractor  
  153  7:42  Evolution Chamber, Spore Crawler, Queen  
  153  7:43  Roach x2  
  158  7:46  Overseer  
  158  7:50  Roach x2  
  162  7:52  Overlord  
  162  8:05  Roach x8  
  174  8:07  Ravager  
  174  8:08  Overlord  
  173  8:15  Ravager x2  
  173  8:16  Zergling x8  
  173  8:17  Zergling x8  
  172  8:20  Roach, Zergling x6  
  172  8:25  Roach, Zergling x6  
  172  8:26  Ravager  
  175  8:33  Roach, Zergling x6  
  159  8:43  Roach, Zergling x6  
  159  8:47  Roach x2, Zergling x8  
Show
View Real Time Build Order
Export as new Build Order

Stats Protoss 

Build Orders:  

Get SALT Encoding   

  12  0:00  Probe  
  13  0:13  Pylon  
  13  0:18  Probe (Chrono Boost)  
  14  0:27  Probe (Chrono Boost)  
  15  0:33  Probe  
  16  0:41  Gateway  
  16  0:45  Probe  
  16  0:47  Assimilator  
  17  0:57  Probe  
  18  1:11  Probe  
  19  1:23  Probe  
  20  1:27  Pylon  
  20  1:29  Zealot (Chrono Boost), Cybernetics Core  
  22  1:47  Nexus  
  22  1:53  Zealot (Chrono Boost)  
  24  1:55  Probe  
  25  2:03  Assimilator  
  25  2:06  Warp Gate  
  25  2:08  Probe  
  26  2:15  Stalker  
  26  2:20  Probe  
  29  2:25  Pylon  
  29  2:32  Probe (Chrono Boost)  
  31  2:44  Probe (Chrono Boost)  
  31  2:46  Adept  
  31  2:51  Probe (Chrono Boost)  
  34  2:56  Stargate  
  34  2:59  Probe (Chrono Boost)  
  34  3:04  Probe (Chrono Boost)  
  36  3:08  Probe (Chrono Boost)  
  36  3:11  Gateway  
  36  3:12  Probe (Chrono Boost)  
  38  3:18  Probe  
  39  3:22  Probe  
  39  3:23  Adept  
  42  3:29  Pylon  
  42  3:31  Probe  
  43  3:34  Probe  
  43  3:39  Void Ray (Chrono Boost)  
  44  3:44  Probe  
  44  3:47  Probe  
  50  3:54  Pylon  
  50  3:57  Probe  
  50  3:59  Probe  
  50  4:00  Assimilator  
  50  4:01  Assimilator  
  52  4:09  Probe  
  53  4:11  Probe  
  53  4:12  Oracle (Chrono Boost), Pylon  
  57  4:26  Pylon, Probe x2  
  59  4:38  Probe x2  
  61  4:42  Pylon  
  61  4:48  Sentry x2  
  61  4:52  Probe x2  
  67  5:02  Robotics Facility  
  67  5:13  Nexus, Sentry x2  
  71  5:14  Pylon  
  71  5:17  Pylon  
  71  5:21  Forge  
  71  5:22  Twilight Council, Probe x2  
  73  5:35  Shield Battery  
  73  5:38  Gateway x2  
  73  5:43  Probe x2  
  73  5:45  Sentry x2  
  73  5:48  Immortal (Chrono Boost)  
  79  5:55  Gateway  
  83  5:57  Blink (Chrono Boost)  
  82  6:04  Probe x2  
  82  6:07  Protoss Ground Weapons Level 1 (Chrono Boost)  
  84  6:19  Immortal (Chrono Boost)  
  84  6:24  Pylon  
  88  6:26  Gateway  
  88  6:27  Gateway  
  88  6:30  Gateway  
  88  6:35  Probe x3  
  91  6:46  Sentry x2, Stalker x2  
  100  6:47  Probe x3  
  100  6:52  Warp Prism (Chrono Boost)  
  104  6:58  Stalker  
  106  7:04  Probe x3  
  109  7:11  Stalker x3  
  109  7:12  Stalker  
  109  7:15  Pylon  
  117  7:34  Stalker x6  
  129  7:40  Stalker x2  
  133  7:45  Pylon  
  133  7:47  Pylon  
  133  7:49  Pylon  
  133  8:03  Stalker  
  133  8:04  Stalker x4  
  143  8:06  Stalker  
  145  8:18  Stalker x2  
  141  8:28  Stalker x3  
  128  8:35  Stalker  
  114  8:43  Stalker  
  114  8:44  Zealot x3  
  75  8:58  Stalker  
  75  8:59  Zealot x2  

Tags
 
Add a new tag
Caveats
  • Supply blocks, unpowered buildings, or Contaminate may cause inaccurate times.
  • Supply counts are checked every 10 seconds.